Map: [ESL] Post-Youth

Players

Maru

  • Race: Terran Terran
  • Spawn Location: 1:00

herO - Winner!

  • Race: Protoss Protoss
  • Spawn Location: 7:00

Event: ESL Spring 2024 Finals

VOD

Have the link to the VOD?

Description

Time

  • Played on: June 1, 2024, 3:43 p.m.
  • Length: 14:00

All games in this series

Show
View Real Time Build Order
Export as new Build Order

Maru Terran 

Build Orders:  

Get SALT Encoding   

  12  0:00  SCV  
  13  0:12  SCV  
  14  0:19  Supply Depot  
  14  0:24  SCV  
  15  0:41  SCV  
  15  0:42  Barracks  
  16  0:44  Refinery  
  16  0:53  SCV  
  16  0:54  Refinery  
  17  1:05  SCV  
  18  1:17  SCV  
  19  1:29  Orbital Command, Reaper  
  20  1:42  Factory  
  20  1:46  Supply Depot  
  20  1:55  SCV  
  21  2:01  Barracks Reactor  
  21  2:07  SCV  
  22  2:17  Command Center  
  22  2:20  SCV  
  23  2:31  Starport  
  23  2:34  SCV  
  24  2:42  Supply Depot  
  24  2:46  Widow Mine x2  
  24  2:47  SCV  
  29  2:53  Marine  
  30  2:59  SCV  
  31  3:07  Medivac  
  31  3:11  SCV, Widow Mine  
  36  3:14  Widow Mine  
  38  3:22  Barracks Tech Lab  
  38  3:24  SCV  
  39  3:29  Orbital Command  
  39  3:36  SCV  
  39  3:37  Barracks  
  39  3:40  Starport Tech Lab  
  40  3:47  Siege Tank  
  40  3:48  SCV  
  44  3:49  Marine x2  
  44  3:55  SCV  
  47  4:00  SCV  
  47  4:02  Supply Depot  
  48  4:07  SCV  
  49  4:12  SCV  
  49  4:14  Raven  
  50  4:19  SCV  
  50  4:21  Engineering Bay  
  50  4:22  Marine x2  
  53  4:24  SCV  
  52  4:31  SCV  
  52  4:35  Marine, Refinery  
  52  4:36  SCV, Siege Tank  
  56  4:40  Supply Depot x2, Marine  
  56  4:43  SCV  
  58  4:48  SCV  
  56  4:55  SCV, Marine x2  
  59  5:00  SCV  
  59  5:01  Terran Infantry Weapons Level 1  
  59  5:03  Barracks  
  56  5:08  SCV, Marine  
  56  5:12  SCV, Marine  
  58  5:20  SCV  
  58  5:25  SCV, Refinery  
  58  5:26  Marine x2, Stimpack  
  61  5:30  Marine, Starport Reactor  
  61  5:32  SCV  
  63  5:40  Supply Depot  
  63  5:44  Marine, Marauder  
  63  5:48  Marine  
  67  5:50  Factory Reactor  
  67  5:55  Command Center  
  67  5:56  Supply Depot  
  67  5:57  Supply Depot, Combat Shield  
  67  5:58  Marauder  
  68  6:08  Marine x2, Marauder  
  68  6:09  Medivac x2  
  76  6:21  Barracks  
  76  6:24  Barracks  
  76  6:25  Marauder  
  78  6:28  Marine x2, Widow Mine x2  
  78  6:31  SCV  
  78  6:32  SCV  
  86  6:42  Marauder  
  86  6:43  SCV  
  86  6:44  SCV  
  86  6:45  Medivac x2  
  86  6:46  Marauder  
  96  6:54  Marine  
  96  6:56  SCV x2, Marine  
  100  7:03  Marauder  
  100  7:07  Widow Mine x2  
  100  7:08  SCV  
  107  7:10  Barracks Tech Lab  
  107  7:12  SCV  
  95  7:23  SCV  
  95  7:27  Barracks Tech Lab  
  95  7:28  Marine x2, Marauder, Widow Mine  
  95  7:29  Concussive Shells, Marauder  
  97  7:30  Barracks Reactor  
  97  7:33  Viking  
  97  7:34  Viking  
  99  7:38  SCV x2  
  99  7:41  Orbital Command  
  101  7:45  Marauder  
  101  7:46  Marine x2  
  101  7:49  Supply Depot  
  101  7:50  SCV  
  106  7:54  Barracks Tech Lab, Missile Turret  
  106  7:55  SCV  
  107  8:00  Siege Tank  
  107  8:01  Marine x2  
  107  8:02  SCV  
  113  8:05  Viking  
  113  8:07  SCV x2  
  114  8:14  SCV  
  114  8:19  Supply Depot, SCV x2  
  116  8:22  Supply Depot  
  116  8:26  SCV, Armory  
  117  8:27  Engineering Bay  
  116  8:36  Supply Depot, SCV  
  116  8:38  Supply Depot, Ghost Academy  
  116  8:40  Viking x2  
  121  8:43  SCV x2  
  121  8:45  Siege Tank  
  121  8:48  SCV, Refinery  
  127  8:49  Marine x2, Refinery, Marauder  
  130  8:59  SCV x2  
  132  9:06  Sensor Tower  
  132  9:10  Ghost x2  
  132  9:11  Marine x3  
  132  9:12  Marine  
  144  9:19  Siege Tank  
  144  9:21  Liberator x2  
  149  9:33  Factory  
  149  9:34  Command Center, Drilling Claws  
  149  9:36  Supply Depot  
  149  9:39  Terran Infantry Weapons Level 2  
  149  9:44  Engineering Bay  
  149  9:45  SCV x2  
  143  9:53  Command Center  
  143  9:57  Ghost  
  143  9:58  Siege Tank  
  146  10:01  Supply Depot  
  146  10:05  SCV x2  
  146  10:06  SCV  
  149  10:09  Ghost x2, Missile Turret  
  153  10:19  SCV  
  139  10:24  Factory Reactor  
  139  10:25  Terran Vehicle Weapons Level 1  
  136  10:29  SCV x2  
  136  10:30  Siege Tank  
  136  10:31  SCV  
  140  10:36  Terran Infantry Armor Level 1  
  140  10:38  Marine, Marauder  
  140  10:39  Marauder x2  
  140  10:40  Marine x2  
  140  10:41  SCV  
  150  10:45  Factory  
  150  10:46  Marine  
  148  11:05  Siege Tank, Ghost, Widow Mine x2  
  148  11:07  Supply Depot  
  157  11:11  Missile Turret  
  157  11:13  Medivac  
  157  11:14  Medivac  
  157  11:15  SCV x2  
  163  11:30  Widow Mine x2, Factory Tech Lab  
  160  11:37  Siege Tank  
  163  11:40  Ghost x2  
  158  11:49  Siege Tank  
  158  11:51  Widow Mine  
  145  11:59  Marine x2, Marauder  
  147  12:02  SCV x3  
  147  12:06  Planetary Fortress  
  150  12:10  Marauder  
  150  12:13  Siege Tank  
  150  12:14  SCV, Widow Mine  
  150  12:15  Widow Mine  
  158  12:17  Marine x2  
  158  12:18  Marauder  
  158  12:21  SCV, Marauder  
  158  12:22  Widow Mine  
  167  12:23  Marine  
  166  12:30  Supply Depot  
  166  12:31  Marauder  
  164  12:41  Command Center  
  164  12:57  Siege Tank  
  167  13:00  SCV x2, Command Center  
  167  13:01  SCV, Refinery  
  162  13:07  Marine x3  
  162  13:08  Marauder x2  
  162  13:12  SCV x2  
  167  13:13  SCV  
  167  13:15  Sensor Tower  
  167  13:18  Widow Mine  
  167  13:19  Widow Mine  
  173  13:24  SCV  
  160  13:44  Supply Depot  
  160  13:45  Supply Depot  
  160  13:46  Supply Depot  
  160  13:47  Supply Depot  
  118  13:56  Supply Depot  
Show
View Real Time Build Order
Export as new Build Order

herO Protoss - Winner!

Build Orders: 1 Gate Expand, Blink Stalkers, Colossus Rush 

Get SALT Encoding   

  12  0:00  Probe  
  13  0:12  Probe  
  14  0:17  Pylon  
  14  0:24  Probe (Chrono Boost)  
  16  0:36  Gateway, Probe (Chrono Boost)  
  16  0:42  Probe (Chrono Boost)  
  16  0:46  Assimilator  
  17  0:50  Probe  
  18  1:03  Probe  
  19  1:19  Nexus  
  19  1:29  Cybernetics Core  
  19  1:32  Probe  
  20  1:37  Assimilator  
  20  1:44  Probe  
  21  1:47  Pylon  
  21  1:56  Probe  
  22  2:02  Stalker (Chrono Boost)  
  22  2:05  Warp Gate  
  22  2:08  Probe  
  25  2:17  Twilight Council  
  25  2:20  Probe (Chrono Boost)  
  28  2:31  Probe (Chrono Boost)  
  28  2:34  Stalker  
  30  2:38  Probe (Chrono Boost)  
  30  2:41  Probe (Chrono Boost)  
  31  2:45  Probe (Chrono Boost)  
  31  2:46  Probe (Chrono Boost)  
  31  2:49  Blink (Chrono Boost)  
  31  2:50  Gateway  
  33  3:00  Probe  
  33  3:02  Probe  
  35  3:10  Gateway  
  35  3:13  Probe  
  35  3:14  Probe  
  35  3:19  Robotics Facility  
  37  3:24  Stalker  
  37  3:26  Probe  
  40  3:28  Probe  
  40  3:33  Pylon  
  41  3:37  Pylon  
  41  3:39  Probe  
  41  3:40  Probe  
  43  3:42  Assimilator  
  43  3:45  Assimilator  
  43  3:51  Probe  
  43  3:52  Probe  
  43  3:53  Stalker  
  47  4:03  Probe  
  47  4:04  Stalker x2, Probe  
  53  4:15  Probe  
  53  4:16  Probe  
  52  4:25  Observer  
  52  4:27  Probe  
  52  4:28  Probe  
  52  4:29  Stalker x2  
  58  4:48  Robotics Bay  
  57  5:02  Nexus  
  57  5:04  Probe x2  
  59  5:07  Pylon  
  59  5:11  Observer  
  60  5:16  Probe x2  
  58  5:25  Stalker x3, Observer  
  62  5:30  Probe  
  62  5:34  Gateway  
  64  5:36  Shield Battery  
  64  5:39  Colossus (Chrono Boost)  
  69  5:46  Pylon  
  69  5:50  Extended Thermal Lance  
  69  5:53  Probe  
  69  5:55  Charge (Chrono Boost)  
  70  6:04  Probe  
  71  6:07  Probe  
  71  6:11  Forge  
  72  6:12  Shield Battery  
  72  6:15  Probe  
  72  6:16  Probe  
  72  6:17  Sentry  
  72  6:18  Zealot  
  78  6:23  Probe  
  79  6:27  Probe, Colossus (Chrono Boost)  
  79  6:28  Probe  
  79  6:31  Stalker, Observer  
  89  6:35  Pylon  
  89  6:36  Protoss Ground Weapons Level 1 (Chrono Boost)  
  90  6:44  Stalker x2  
  93  6:54  Pylon  
  93  6:56  Shield Battery  
  93  6:58  Probe x2  
  95  7:08  Colossus (Chrono Boost)  
  95  7:09  Zealot  
  103  7:18  Stalker x2  
  103  7:24  Probe x3  
  103  7:29  Zealot  
  104  7:31  Shield Battery  
  104  7:36  Probe x3  
  107  7:38  Forge  
  107  7:40  Observer, Pylon  
  107  7:42  Gateway  
  107  7:45  Gateway, Nexus  
  107  7:50  Probe x2  
  109  7:54  Pylon  
  109  7:57  Disruptor  
  113  8:00  Pylon  
  113  8:05  Sentry x2  
  117  8:14  Gateway x2  
  113  8:20  Gateway, Protoss Ground Weapons Level 2 (Chrono Boost)  
  113  8:22  Zealot, Protoss Ground Armor Level 1 (Chrono Boost)  
  113  8:23  Zealot  
  117  8:27  Gateway  
  117  8:28  Probe x3  
  117  8:32  Disruptor (Chrono Boost), Zealot x2, Shield Battery  
  126  8:40  Zealot  
  128  8:45  Zealot x2, Probe  
  133  8:57  Probe  
  133  9:00  Zealot x4, Pylon, Disruptor (Chrono Boost)  
  146  9:13  Pylon  
  146  9:18  Stalker x3  
  146  9:19  Pylon  
  152  9:29  Stalker x3  
  152  9:31  Disruptor  
  160  9:41  Nexus  
  160  9:44  Pylon  
  160  9:48  Pylon  
  160  9:49  Pylon  
  160  9:51  Shield Battery  
  154  9:58  Stalker x3, Protoss Ground Armor Level 2 (Chrono Boost), Zealot x4  
  162  10:02  Zealot  
  162  10:03  Zealot  
  162  10:05  Gateway  
  166  10:07  Observer  
  166  10:11  Gateway  
  141  10:24  Stalker x3  
  141  10:25  Zealot x3  
  151  10:35  Zealot x4  
  155  10:36  Protoss Ground Weapons Level 3 (Chrono Boost)  
  155  10:37  Pylon  
  155  10:39  Probe x3  
  155  10:40  Probe  
  159  10:48  Stalker x3  
  165  10:51  Zealot  
  167  11:02  Disruptor (Chrono Boost)  
  159  11:04  Zealot x6  
  175  11:12  Zealot x3  
  175  11:13  Zealot  
  175  11:18  Stalker x2  
  183  11:28  Pylon  
  183  11:32  Zealot x8  
  187  11:33  Zealot  
  187  11:34  Observer  
  187  11:38  Observer  
  188  11:52  Zealot x2  
  188  11:53  Zealot x7  
  198  12:00  Nexus  
  198  12:02  Observer  
  198  12:03  Photon Cannon  
  198  12:04  Shield Battery  
  198  12:07  Pylon  
  199  12:17  Stalker x2  
  199  12:20  Stalker  
  199  12:23  Disruptor  
  193  12:37  Zealot x3  
  183  12:57  Zealot x7  
  197  12:58  Zealot  
  197  13:02  Gateway x2  
  199  13:07  Stalker  
  199  13:16  Gateway  
  199  13:18  Gateway  
  199  13:20  Gateway  
  199  13:24  Gateway  
  187  13:46  Zealot x4  
  159  13:56  Zealot x8  
Tags
 
Add a new tag
Caveats
  • Supply blocks, unpowered buildings, or Contaminate may cause inaccurate times.
  • Supply counts are checked every 10 seconds.